 Dungeon Crawl Stone Soup version 0.17-a0-1637-g5d65775 (console) character file.

277 Monkaria the Destroyer (level 6, -2/32 HPs)
             Began as a Deep Elf Conjurer on Aug 7, 2015.
             Slain by an ogre
             ... wielding a +0 giant club
              (15 damage)
             ... on level 5 of the Dungeon.
             The game lasted 00:08:25 (4414 turns).

Monkaria the Destroyer (Deep Elf Conjurer)          Turns: 4414, Time: 00:08:25

Health: -2/32      AC:  5    Str:  5    XL:     6   Next: 4%
Magic:  8/12       EV: 13    Int: 22    God:
Gold:   187        SH:  0    Dex: 15    Spells: 3 memorised, 4 levels left

rFire  . . .     SeeInvis +     (no weapon)
rCold  . . .     Clarity  +     a - +0 robe
rNeg   . . .     SustAt   +     (no shield)
rPois  .         Gourm    .     (no helmet)
rElec  .         Spirit   .     t - +1 cloak
rCorr  .         Warding  .     (no gloves)
rMut   .         Stasis   .     u - +0 pair of boots
MR     .....                    B - amulet of clarity
Stlth  ++........               w - ring of sustain attributes
                                D - ring of see invisible

@: not resistant to hostile enchantments, unstealthy
A: no striking features
a: no special abilities


You were on level 5 of the Dungeon.
You were hungry.

You visited 1 branch of the dungeon, and saw 5 of its levels.

You collected 187 gold pieces.

Inventory:

Missiles
 h - 9 javelins (quivered)
 o - 8 curare-tipped needles
Armour
 a - a +0 robe (worn)
 t - a +1 cloak (worn)
 u - a +0 pair of boots (worn)
Jewellery
 v - an uncursed amulet of rage
 w - a ring of sustain attributes (right hand)
 B - an amulet of clarity (around neck)
 D - a ring of see invisible (left hand)
Magical devices
 d - a wand of random effects (48)
Scrolls
 r - 2 scrolls of teleportation
Potions
 e - a potion of berserk rage {unknown}
 s - a potion of agility
 A - a potion of haste {unknown}
Books
 b - a book of Conjurations

   Spells                             Type                      Level
   a - Magic Dart                     Conjuration                  1
   b - Searing Ray                    Conjuration                  2
   c - Dazzling Spray                 Conjuration/Hexes            3
   d - Fulminant Prism                Conjuration/Hexes            4
   e - Iskenderun's Mystic Blast      Conjuration                  4
   f - Iskenderun's Battlesphere      Conjuration/Charms           5
Comestibles
 c - 4 bread rations
 g - a beef jerky
 n - 5 meat rations
 z - 2 slices of pizza


   Skills:
 - Level 2.4 Dodging
 - Level 2.4 Stealth
 - Level 3.0 Spellcasting
 + Level 8.1 Conjurations


You had 4 spell levels left.
You knew the following spells:

 Your Spells              Type           Power        Failure   Level  Hunger
a - Magic Dart            Conj           ####         1%          1    None
b - Searing Ray           Conj           #####.       1%          2    ##.....
c - Iskenderun's Mystic   Conj           #####...     6%          4    ####...


Dungeon Overview and Level Annotations

Branches:
Dungeon (5/15)
 Temple: D:4-7

Altars:
Ashenzari
Fedhas
Zin


Message History

An ogre comes into view. It is wielding a giant club.
An ogre is nearby!
An ogre is nearby!
Casting: Searing Ray
Confirm with . or Enter, or press ? or * to list all spells.
Aiming: Searing Ray
Press: ? - help, Shift-Dir - straight line, f - ogre
Aim: an ogre, wielding a giant club (resting)
The searing ray hits the ogre.
The ogre is moderately wounded.
The ogre shouts!
You are feeling hungry.
The ogre hits you with a giant club!!
Ouch! That really hurt!
The searing ray hits the ogre.
The ogre is heavily wounded.
The searing ray hits the ogre.
The ogre is almost dead.
The ogre hits you with a giant club!
You die...

#************,,,,,,,,,,,,,*
.,,,,,,,,,,,,,,,,,,,>****,*
.,,,,,,,,,,,,,,,,,,,,,,,*,*
....,,******,*********,**,*
#..,,,,,,,,*,,,,,,,,,,,,,,*
..#**,,***,*,#####****,**********
#.# **,***,*,#...,,,,,,,,,,,,,,,,
..# *,.#*,*,#..######,**********
..#*###.#*,*,#..@....#,* *,,,,,,,
..##....#*,*,#..#O##.#,* *,******
......#.#*,*,#..#.#*,*+***,*
.........,,*,#..#..,,,,,**,*
.........,,..#..#.##*,,,**,*
#......#,.*#.#..#.# *,,,**,*
.....#.#*.##.#..#.#**,,,**,*
.....#,**..#.#..#.#,,,,,**,*
.....#,**#.#.#..#,*,**+***,*


You could see an ogre.

Vanquished Creatures
  A hound (D:4)
  An orc priest (D:3)
  2 worker ants (D:5)
  7 adders
  A shadow imp (D:5)
  4 worms
  An adder skeleton (D:4)
  A giant gecko (D:2)
  10 orcs
  9 bats
  6 hobgoblins
  14 jackals
  6 kobolds
  A quokka (D:3)
  6 giant cockroaches
  A giant gecko zombie (D:5)
  7 giant newts
  3 goblins
  6 rats
87 creatures vanquished.

Notes
Turn   | Place    | Note
--------------------------------------------------------------
     0 | D:1      | Monkaria the Deep Elf Conjurer began the quest for the Orb.
     0 | D:1      | Reached XP level 1. HP: 10/10 MP: 6/6
   419 | D:1      | Reached XP level 2. HP: 9/15 MP: 0/8
   574 | D:1      | Reached skill level 5 in Conjurations
  1129 | D:2      | Reached XP level 3. HP: 19/19 MP: 7/9
  1145 | D:2      | Learned a level 2 spell: Searing Ray
  1620 | D:2      | Reached skill level 6 in Conjurations
  2364 | D:3      | Reached XP level 4. HP: 24/24 MP: 5/10
  2450 | D:3      | Found a glowing silver altar of Zin.
  2525 | D:3      | Found a blossoming altar of Fedhas.
  3303 | D:4      | Reached skill level 7 in Conjurations
  3303 | D:4      | Reached XP level 5. HP: 28/28 MP: 5/11
  3404 | D:4      | Noticed an ogre
  3440 | D:5      | Entered Level 5 of the Dungeon
  4087 | D:5      | Found a shattered altar of Ashenzari.
  4206 | D:5      | Reached skill level 8 in Conjurations
  4206 | D:5      | Reached XP level 6. HP: 24/32 MP: 7/12
  4217 | D:5      | Learned a level 4 spell: Iskenderun's Mystic Blast
  4411 | D:5      | Noticed an ogre
  4414 | D:5      | Slain by an ogre

Vault maps used:
D:1:      minmay_arrival_four_circles, minmay_misc_feat_tower,
          roderic_roman_lattice
D:3:      lemuel_crystal_altar, lemuel_crystal_altar, first_bread,
          serial_bayou_pond_a
D:5:      lemuel_crystal_altar, hangedman_abyss_or_decor_stabs,
          kennysheep_small_spiral

Action                   |  1- 3 |  4- 6 || total
-------------------------+-------+-------++-------
Melee: Unarmed           |    14 |     8 ||    22
 Cast: Magic Dart        |    75 |    51 ||   126
       Searing Ray       |     3 |    21 ||    24
  Use: Potion            |       |     5 ||     5
       Scroll            |       |     7 ||     7
  Eat: Chunk             |     4 |     7 ||    11
